 Dungeon Crawl Stone Soup version 0.28.0-47-ge53b351184 (webtiles) character file.

Game seed: 5233971449189752747

175 Exodus22XD the Covered (level 5, -1/47 HPs)
             Began as a Minotaur Fighter on May 7, 2022.
             Succumbed to a kobold brigand's curare-tipped dart
             ... in a sewer.
             The game lasted 00:02:05 (2305 turns).

Exodus22XD the Covered (Minotaur Fighter)           Turns: 2305, Time: 00:02:06

Health: -1/47      AC: 12    Str: 23    XL:     5   Next: 29%
Magic:  4/4        EV:  6    Int:  5    God:
Gold:   117        SH:  4    Dex:  9    Spells: 4/4 levels left

rFire   . . .      SeeInvis .   a - +0 war axe
rCold   . . .      Faith    .   c - +0 buckler
rNeg    . . .      Spirit   .   e - +0 plate armour
rPois   .          Reflect  .   (helmet restricted)
rElec   .          Harm     .   (no cloak)
rCorr   .          Rampage  .   (no gloves)
Will    .....                   (no boots)
Stlth   ..........              (no amulet)
HPRegen 0.15/turn               (no ring)
MPRegen 0.09/turn               (no ring)

@: lethally poisoned (-1 -> -9), slowed, very slow
A: horns 2, retaliatory headbutt
a: no special abilities


You were in a sewer.
You visited 1 branch of the dungeon, and saw 3 of its levels.
You also visited: Sewer.

You collected 117 gold pieces.

Inventory:

Hand Weapons
 a - a +0 war axe (weapon)
Armour
 c - a +0 buckler (worn)
 e - a +0 plate armour (worn)
Jewellery
 f - an amulet of faith
Scrolls
 g - a scroll of enchant weapon {unknown}
 j - a scroll of teleportation {unknown}
Potions
 b - a potion of mutation {unknown}
 d - 2 potions of might
 h - a potion of curing {unknown}
 i - a potion of magic {unknown}


   Skills:
 + Level 4.4 Fighting
 + Level 4.5 Axes
 + Level 4.9 Armour
 + Level 4.5 Shields


You had 4 spell levels left.
You didn't know any spells.
Your spell library was empty.

Dungeon Overview and Level Annotations

Branches:
Dungeon (3/15)              Sewer (1/1)

Altars:


Innate Abilities, Weirdness & Mutations

You have a pair of horns on your head.
You reflexively headbutt those who attack you in melee.


Message History

The adder is almost dead.
You hit the plant but do no damage. You hit the plant.
You block the adder's attack.
There are monsters nearby!
Your unstable footing causes you to fumble your attack.
A nearby plant withers and dies.
You block the adder's attack. The adder bites you but does no damage.
Something bites the plant.
An adder is nearby!
Your unstable footing causes you to fumble your attack.
A nearby plant withers and dies.
The adder bites you. The adder bites you but does no damage.
You slash the adder!
You kill the adder!
You hit the frilled lizard.
You kill the frilled lizard!
HP restored.
You enter the shallow water.
Moving in this stuff is going to be slow.
A kobold brigand and a jackal come into view.
The kobold brigand is wielding a +2 short sword of distortion and quivering curare-tipped darts.
The jackal barks!
You hear an angry hiss.
The kobold brigand throws a curare-tipped dart.
The curare-tipped dart hits you.
You are poisoned.
You have difficulty breathing.
You feel yourself slow down.
You enter the shallow water.
Moving in this stuff is going to be slow.
You feel extremely sick. The kobold brigand barely misses you.
The jackal barely misses you.
The jackal bites you but does no damage.
The kobold brigand hits you with a +2 short sword of distortion.
Space warps horribly around you!!
* * * LOW HITPOINT WARNING * * *
The jackal barely misses you. You furiously retaliate!
You headbutt the jackal!
You kill the jackal!
The kobold brigand hits you with a +2 short sword of distortion.
* * * LOW HITPOINT WARNING * * *
Space warps around you.
* * * LOW HITPOINT WARNING * * *
You die...

# ≈# ≈
#≈#########.##
..#≈#≈≈#≈#.PP..#
...PP..#≈#.≈.PP#
......≈#≈#.≈...#
.....≈≈#K#.≈≈.P#
#≈≈≈≈#≈#.≈.≈#
#...@...≈..#
#####≈≈.≈≈.#
##....≈##
##≈≈≈≈≈#
########...#
≈≈≈≈≈≈≈≈...#
########...#
###P........#
#...P.∩∩....#


You could see a kobold brigand.

Vanquished Creatures
  A scorpion (D:3)
  5 adders
  A worm (D:2)
  3 dart slugs
  7 ball pythons
  2 bats
  6 endoplasms
  7 goblins
  2 hobgoblins (D:3)
  5 jackals
  5 kobolds
  A quokka (D:2)
  7 frilled lizards
  8 rats
60 creatures vanquished.

Vanquished Creatures (others)
  2 plants (Sewer)
2 creatures vanquished.

Grand Total: 62 creatures vanquished

Notes
Turn   | Place    | Note
-------+----------+-------------------------------------------
     0 | D:1      | Exodus22XD the Minotaur Fighter began the quest for the
                  | Orb.
     0 | D:1      | Reached XP level 1. HP: 19/19 MP: 0/0
   386 | D:1      | Reached XP level 2. HP: 16/27 MP: 1/1
   784 | D:1      | Found a faded altar of an unknown god.
  1319 | D:2      | Reached XP level 3. HP: 33/33 MP: 2/2
  2083 | D:3      | Reached XP level 4. HP: 40/40 MP: 3/3
  2172 | D:3      | Noticed a scorpion
  2179 | D:3      | Killed a scorpion
  2180 | D:3      | Reached XP level 5. HP: 47/47 MP: 4/4
  2251 | D:3      | Found a glowing drain.
  2267 | Sewer    | Entered a sewer
  2304 | Sewer    | HP: 2/47 [kobold brigand/+2 short sword of distortion (5)]
  2305 | Sewer    | Succumbed to a kobold brigand's curare-tipped dart

Illustrated notes

Levels and vault maps discovered:
D:1:      ncdulo_lavacross, layout_basic, shapermc_ecumenical_altar_acropolis
D:2:      layout_loops_corners
D:3:      layout_loops_ring, gammafunk_temple_overflow_wave,
          cheibrodos_sewer_entry_drain
Sewer:    sewer_co_scattered_pipes

Skill      XL: |  1  2  3  4 |
---------------+-------------+-----
Armour         | 4 |  4.9
Fighting       | 4 |  4.4
Shields        | 4 |  4.5
Axes           | 3 4 |  4.5

Action                   |  1- 3 |  4- 6 || total
-------------------------+-------+-------++-------
Melee: War axe           |    85 |    47 ||   132
       Headbutt          |     7 |     6 ||    13
Armor: Scale mail        |     5 |       ||     5
       Plate armour      |    38 |    36 ||    74
Dodge: Dodged            |    26 |    17 ||    43
Block: Buckler           |    24 |    10 ||    34
